[Event "Early-Titled-Tuesday-Blitz-February-06-2024"]
[Site "Chess.com"]
[Date "2024.02.06"]
[Round "11"]
[White "bescmelasti"]
[Black "IriBu"]
[Result "0-1"]
[WhiteElo "2665"]
[BlackElo "2561"]
[TimeControl "180+1"]
[EndTime "10:08:41 PST"]
[Termination "IriBu won on time"]

1. e4 c5 2. Nf3 d6 3. d4 cxd4 4.
Nxd4 Nf6 5. Nc3 a6 6. f4 e5 7. Nb3 Be7 8. fxe5 dxe5 9. Qxd8+ Bxd8 10. Be3 Nc6 11. O-O-O Bg4 12. Re1 O-O 13. Nc5 Ba5 14.
Bd2 Rab8 15. Bc4 b5 16. Bb3 Ra8 17. Nd5 Bxd2+ 18. Kxd2 Rfd8 19. Kc1 Nd4 20. Nxf6+ gxf6 21. Bd5 Ra7 22. Rhf1 Kg7 23. c3 Ne2+ 24. Kc2 Nf4 25. Bb3 Rc8 26. Nd3 Be2 27. Nxf4 Bxf1 28. Nh5+ Kg6 29.
Rxf1 Kxh5 30. Rxf6 Kg5 31. Rf5+ Kg6 32. Rxe5 Rac7 33.
Bd5 Rd8 34. g4 Rd6 35. h4 Rf6 36. h5+ Kg7 37. g5 Rf2+ 38. Kb3 h6 39. gxh6+ Kxh6 40. Re8 Kxh5 41. Ra8 Rf6 42. a4 Rb6 43. axb5 axb5 44. Rg8 f6 45. Kc2 b4 46. Kd3 bxc3 47. bxc3 Ra6 48. c4 Ra3+ 49. Kd4 Ra1 50. Ke3 Kh6 51. Kf4 Rg7 52. Rh8+ Kg6 53. Rg8 Rxg8 54. Bxg8 Rf1+ 55.
Ke3 Rd1 56. Bd5 Kg7 57. c5 Kf8 58. c6 Ke7 59. Kf4 Rf1+ 60. Ke3 Kd6 61. Kd4 Rd1+ 62.
Ke3 f5 63. Kf4 Rf1+ 64. Ke3 fxe4 65. Bxe4 Re1+ 66. Kd3 Rc1 67. Bf3 Re1 68. Kd2 Re7 69. Kd3 Rc7 70. Ke3 Ra7 71. Ke2 Rc7 72. Ke3 Kc5 73. Ke2 Re7+ 74. Kd3 Kd6 75. Kd4 Kc7 76. Kd3 Rg7 77. Ke3 Re7+ 78. Kd3 Kd6 79. Kd4 Re5 80. Kd3 Rc5 81. Ke3 Rc3+ 82. Kf4 Ke6 83. Bg2 Rc4+ 84. Ke3 Ke5 85. Bf3 Rc3+ 86. Ke2 Kd4 87. Kd2 Rxf3 88. c7 Rf8 89. c8=Q Rxc8 90. Ke2 Ke4 0-1

[Event "Early-Titled-Tuesday-Blitz-February-06-2024"]
[Site "Chess.com"]
[Date "2024.02.06"]
[Round "11"]
[White "Suleyman_Chess06"]
[Black "scarabee43"]
[Result "0-1"]
[WhiteElo "2699"]
[BlackElo "2869"]
[TimeControl "180+1"]
[EndTime "10:08:42 PST"]
[Termination "scarabee43 won on time"]

1. Nf3 d5 2. g3 Nf6 3. Bg2 e6 4. O-O Be7 5. d4 O-O 6. c4 Nbd7 7. cxd5 exd5 8. Nc3 c6 9. Bf4 Re8 10. Ne5 Bf8 11. Qd2 Nxe5 12. dxe5 Ng4 13. Qd4 Qe7 14. e4 dxe4 15. Nxe4 Nxe5 16. Rfe1 Bf5 17. Rad1 Ng6 18. Bd6 Qd8 19. Qc5 Bxe4 20. Bxf8 Qb6 21. Bxe4 Nxf8 22.
Qc2 Rad8 23. Bd3 g6 24. Bc4 Qa5 25. Rxe8 Rxe8 26. Qb3 Re1+ 27. Kg2 Rxd1 28. Qxd1 Qe5 29. Qb3 Qe7 30. Qd3 Nd7 31. Qd4 Nb6 32. Bb3 c5 33. Qf4 Kg7 34. a4 Qf6 35. Qe4 Qxb2 36. Bxf7 Kxf7 37. Qxb7+ Kg8 38. a5 Qg7 39. Qe4 Nd7 40.
Qa8+ Nf8 41. Qc6 Qe7 42. a6 Kg7 43. h4 h5 44. f3 Qe2+ 45. Kg1 Qe7 46. Qd5 Nh7 47. Qb7 Kf8 48. Qc8+ Kf7 49. Qc6 Nf6 50. Kg2 Kg7 51. Kf2 Qd7 52. Qxc5 Qd2+ 53. Kf1 Qd3+ 54. Kf2 Qxa6 55. Qe7+ Kh8 56. Qf8+ Ng8 57. Qf7 Qf6 58. Qa2 a6 59. Qd5 Kg7 60. Kg2 Ne7 61. Qb7 Qe6 62. Qa7 Kf7 63. Kf2 Qc4 64. Kg2 Qb5 65. g4 hxg4 66.
fxg4 Qe2+ 67. Kg3 Qe5+ 68. Kg2 a5 69. Kh3 Qc3+ 70. Kg2 Qc2+ 71. Kg3 Qb3+ 72. Kg2 a4 73. h5 gxh5 74. gxh5 a3 75. h6 Qb2+ 76. Kg3 a2 77. h7 a1=Q 78. Qc5 Qg7+ 79. Kf3 Qac3+ 80. Qxc3 Qxc3+ 81. Ke4 Qg7 82. h8=Q Qxh8 0-1

[Event "Early-Titled-Tuesday-Blitz-February-06-2024"]
[Site "Chess.com"]
[Date "2024.02.06"]
[Round "11"]
[White "yaguigor"]
[Black "JoliyRoger"]
[Result "1-0"]
[WhiteElo "2731"]
[BlackElo "2502"]
[TimeControl "180+1"]
[EndTime "10:08:49 PST"]
[Termination "yaguigor won on time"]

1. Nf3 Nf6 2. c4 c5 3. Nc3 e6 4.
g3 Nc6 5. Bg2 Be7 6. O-O O-O 7. d4 cxd4 8. Nxd4 Ne5 9. b3 d6 10.
e4 a6 11. Bb2 Qc7 12. f4 Ng6 13. h3 Re8 14. Rc1 Rb8 15. Kh2 Bf8 16. g4 h6 17. Qe1 e5 18. Nd5 Nxd5 19. cxd5 Qd8 20. fxe5 Nxe5 21. Qg3 g6 22. Nf3 Nd3 23. Rc2 Nxb2 24. Rxb2 Bg7 25. Re2 Qe7 26. Rd1 Bd7 27. h4 Rbc8 28. g5 Bb5 29. Re3 h5 30. Rd2 Rc1 31. a4 Bd7 32. Bh3 Rec8 33. Bxd7 Qxd7 34.
e5 R1c2 35. e6 Qe8 36. Rxc2 Rxc2+ 37. Kh3 fxe6 38. Qxd6 Kh7 39. dxe6 Qc8 40. Qd3 Rc1 41. Kg2 Rc2+ 42. Re2 Rxe2+ 43. Qxe2 Kg8 44. e7 Kf7 45. Ne5+ Bxe5 46. Qxe5 Qc6+ 47. Kf2 Qc2+ 48. Kf3 Qxb3+ 49. Ke2 Qa2+ 50. Kd3 Qa3+ 51. Kd2 Qxe7 52. Qd5+ Kg7 53. a5 Qf7 54. Qe5+ Kh7 55. Ke3 Qd7 56. Ke4 Qc6+ 57.
Qd5 Qe8+ 58. Kd4 Qe7 59. Qe5 Qb4+ 60. Kd3 Qb3+ 61. Qc3 Qd5+ 62. Ke3 Qe6+ 63. Kf2 Qf7+ 64. Ke1 Qg7 65. Qc5 Qd7 66. Ke2 Kg7 67. Ke3 Kf7 68. Qe5 Qe6 69. Ke4 Qxe5+ 70. Kxe5 Ke7 71. Kd5 Kd7 72.
Ke5 Ke7 73. Kd5 Kd7 74. Ke5 Kc6 75. Kf6 b5 76. axb6 a5 77. Kxg6 a4 78. Kxh5 a3 79. g6 a2 80. g7 a1=Q 81. g8=Q Qd1+ 82. Qg4 Qd2 83. Qg6+ Kb7 84. Qg7+ Kxb6 85. Qh6+ 1-0

[Event "Early-Titled-Tuesday-Blitz-February-06-2024"]
[Site "Chess.com"]
[Date "2024.02.06"]
[Round "11"]
[White "Salem-AR"]
[Black "baki83"]
[Result "1-0"]
[WhiteElo "2940"]
[BlackElo "2802"]
[TimeControl "180+1"]
[EndTime "10:09:15 PST"]
[Termination "Salem-AR won by checkmate"]

1. Nf3 d5 2. g3 Nf6 3. Bg2 Bf5 4.
O-O e6 5. d3 h6 6. c4 c6 7. Qb3 Qb6 8. Be3 Qxb3 9. axb3 a6 10. Bd4 Nbd7 11. Bc3 Be7 12. Nbd2 O-O 13. b4 Rfd8 14.
Nb3 dxc4 15. dxc4 Ne4 16. Nfd4 Nb6 17. Nxf5 exf5 18. Na5 Nxc3 19. bxc3 Rab8 20. Bxc6 Bf6 21. c5 Bxc3 22. cxb6 Bxa1 23. Rxa1 Rd6 24. Bxb7 Rxb6 25. Bf3 Rxb4 26. Kg2 Rb1 27. Ra3 g6 28. h4 Rc1 29.
Nc6 Rb6 30. Ne5 Kg7 31. Ra4 Rc7 32. Nd3 Ra7 33. Bd5 a5 34. f3 h5 35. Kf2 Rd6 36. Ba2 Rb6 37. Ne5 Rb4 38. Ra3 Rb5 39. f4 Rc5 40.
Ra4 Rb5 41. Nd3 Rc7 42. Bc4 Rb6 43. Bd5 Ra7 44. Ke3 Rb5 45. Kd4 Rb6 46. Kc5 Rb1 47.
Ne5 Rg1 48. Ra3 Rc1+ 49. Kb6 Re7 50. Rxa5 Rc3 51. Bf3 f6 52. Nd3 Re3 53. Rd5 g5 54. hxg5 fxg5 55. fxg5 Rb3+ 56. Kc5 Kg6 57. Kc4 Ra3 58.
Kd4 Re8 59. Nf4+ Kxg5 60. Bxh5 Re4+ 61. Kc5 Ra5+ 62. Kd6 Ra6+ 63. Kc7 Ra7+ 64. Kb6 Ra3 65. Bf3 Ree3 66. Kc6 Rxf3 67. exf3 Rxf3 68. Ne2 Re3 69. Nd4 Rxg3 70. Nxf5 Rc3+ 71. Kd6 Rc1 72. Nd4+ Kf6 73. Rf5+ Kg6 74. Rf4 Rd1 75. Ke6 Re1+ 76. Kd5 Rd1 77.
Ke5 Re1+ 78. Kd5 Rd1 79. Rf3 Kg5 80. Rf2 Kg6 81. Ke5 Re1+ 82. Ne2 Kg7 83. Ke6 Ra1 84. Rg2+ Kh6 85. Nf4 Ra6+ 86. Kf5 Ra5+ 87. Kf6 Ra6+ 88. Ke5 Ra5+ 89. Nd5 Kh5 90. Rg8 Kh6 91. Rg4 Kh5 92. Rg3 Kh4 93. Rd3 Kg4 94. Rc3 Rb5 95. Ra3 Rb1 96.
Nf6+ Kh4 97. Ne4 Rb5+ 98. Kf4 Kh5 99. Ra6 Rb1 100. Ng3+ Kh4 101. Rh6# 1-0